 Dungeon Crawl Stone Soup version 0.31-a0-167-g1c394c0614 (webtiles) character file.

Game seed: 12804576958170538001

2570 qw the Skirmisher (level 9, -8/57 HPs)
             Began as a Gargoyle Hunter on June 14, 2023.
             Was an Initiate of Okawaru.
             Mangled by a hornet (10 damage)
             ... on level 8 of the Dungeon.
             The game lasted 00:03:00 (6574 turns).

qw the Skirmisher (Gargoyle Hunter)                 Turns: 6574, Time: 00:03:00

Health: -8/57      AC: 16    Str: 15    XL:     9   Next: 57%
Magic:  11/11      EV: 11    Int: 10    God:    Okawaru [......]
Gold:   876        SH:  0    Dex: 17    Spells: 8/8 levels left

rFire   . . .        Y - +0 orcbow
rCold   . . .        (shield currently unavailable)
rNeg    + . .        n - +0 ring mail
rPois   inf          (no helmet)
rElec   +            b - +0 cloak
rCorr   .            e - +1 pair of gloves
SInv    +            r - +0 pair of boots
Will    +....        (no amulet)
Stlth   +            l - ring "Regick" {rPois Will+}
HPRegen 0.29/turn    h - ring of see invisible
MPRegen 0.12/turn

%: no passive effects
@: no status effects
A: sickness immunity, AC +6, negative energy resistance 1, electricity
resistance, torment resistance 1, petrification resistance
a: Renounce Religion


You were on level 8 of the Dungeon.
You worshipped Okawaru.
Okawaru was noncommittal.
You visited 2 branches of the dungeon, and saw 9 of its levels.

You collected 1046 gold pieces.
You spent 170 gold pieces at shops.


Innate Abilities, Weirdness & Mutations

You are immune to sickness and miasma.
Your stone body is resilient. (AC +6)
You are immune to poison.
You resist negative energy. (rN+)
You are resistant to electric shocks. (rElec)
You are resistant to unholy torment.
You are immune to petrification.


   Skills:
 - Level 7.2 Fighting
 + Level 10.4 Ranged Weapons
 - Level 3.3 Armour
 - Level 2.6 Dodging
 - Level 1.1 Stealth
 - Level 3.3 Invocations


You had 8 spell levels left.
You didn't know any spells.
Your spell library was empty.

Inventory:

Hand Weapons
 Y - a +0 orcbow (weapon)
Armour
 b - a +0 cloak (worn)
 e - a +1 pair of gloves (worn)
 n - a +0 ring mail (worn)
 r - a +0 pair of boots (worn)
Jewellery
 h - a ring of see invisible (right hand)
 l - the ring "Regick" (left hand) {rPois Will+}
   (You found it on level 2 of the Dungeon)

   [ring of willpower]

   rPois:     It protects you from poison.
   Will:      It increases your willpower.
 q - a ring of protection from fire
Scrolls
 a - a scroll of identify
 d - 3 scrolls of teleportation
Potions
 c - a potion of haste
 f - a potion of attraction
 g - a potion of resistance
 i - a potion of curing
 j - a potion of berserk rage {unknown}
 k - a potion of mutation {unknown}
 m - a potion of lignification
 o - 3 potions of heal wounds
 p - a potion of might {unknown}

Dungeon Overview and Level Annotations

Branches:
Dungeon (8/15)             Temple (1/1) D:4            Lair (0/5) D:8

Altars:
Ashenzari
Cheibriados
Dithmenos
Fedhas
Hepliaklqana
Kikubaaqudgha
Makhleb
Nemelex Xobeh
Okawaru
Qazlal
Ru
Sif Muna
Trog
Uskayaw
Vehumet
Wu Jian
Xom
Yredelemnul
Zin

Shops:
D:3 ?

Annotations:
D:7 1 runed translucent door, Crazy Yiuf


Message History

The troll bites you but does no damage.
The troll claws you but does no damage. x2
You shoot an arrow. The arrow barely misses the troll.
The hornet barely misses you. The troll barely misses you.
The troll claws you. x2
The hornet stings you.
You shoot an arrow. The arrow hits the troll!
The troll is moderately wounded.
The hornet stings you. The troll bites you.
The troll claws you but does no damage. The troll barely misses you.
You shoot an arrow. The arrow hits the troll!
The troll is heavily wounded.
The hornet stings you but does no damage.
The troll barely misses you.
The troll claws you but does no damage. x2
The hornet closely misses you.
You shoot an arrow. The arrow closely misses the troll.
The hornet barely misses you.
The steam dragon bites you but does no damage.
The steam dragon closely misses you. The troll bites you!
The troll claws you but does no damage. x2
You shoot an arrow. The arrow hits the troll!
The troll is severely wounded.
The hornet closely misses you. The steam dragon breathes steam at you.
The ball of steam misses you. The troll bites you but does no damage.
The troll claws you but does no damage. The troll closely misses you.
The hornet stings you.
You hear a shout!
You shoot an arrow. The arrow hits the troll.
The troll is almost dead.
You are engulfed in a cloud of scalding steam.
The hornet stings you but does no damage.
The steam dragon closely misses you.
The steam dragon claws you but does no damage.
The troll closely misses you. The troll claws you.
The troll claws you but does no damage. The hornet barely misses you.
The steam dragon barely misses you. x2; The troll barely misses you.
The troll claws you. The troll barely misses you.
You shoot an arrow. The arrow closely misses the troll.
You are engulfed in a cloud of scalding steam.
The hornet stings you!
You die...

##....#..# ..
.......
#...#...## ..
.......
##.....###
.......
#...#### ......
##.### #....
#¤¤# #....##.##
#...T#¤.######
#...y@¤¤......#
#...D########..
#.).. #....
##... ###. #.
##


You could see a troll, a hornet and a steam dragon.

Vanquished Creatures
  A hornet (D:6)
  3 sky beasts
  2 orc warriors (D:7)
  A black bear (D:4)
  3 ogres
  A centaur (D:5)
  3 phantoms
  A kobold brigand (D:8)
  A scorpion (D:6)
  4 killer bees (D:8)
  4 orc priests
  2 gnoll boudas
  3 hounds
  3 jellies
  4 iguanas
  7 orc wizards
  13 gnolls
  6 adders
  3 white imps
  A worm (D:4)
  4 dart slugs
  29 orcs
  8 endoplasms
  3 giant cockroaches
  9 goblins
  4 hobgoblins (D:1)
  4 jackals (D:1)
  6 quokkas
  5 ball pythons
  6 bats
  5 frilled lizards
  5 kobolds
  7 rats
161 creatures vanquished.

Notes
Turn   | Place    | Note
-------+----------+-------------------------------------------
     0 | D:1      | qw the Gargoyle Hunter began the quest for the Orb.
     0 | D:1      | Reached XP level 1. HP: 12/12 MP: 1/1
     0 | D:1      | 0 ||| qw: Version: 0.2-a-29-g1fa15c8
     0 | D:1      | 0 ||| qw: Game counter: 5001
     0 | D:1      | 0 ||| qw: Always use a shield: true
     0 | D:1      | 0 ||| qw: God list: Okawaru
     0 | D:1      | 0 ||| qw: Allow faded altars: false
     0 | D:1      | 0 ||| qw: Do Orc after D:15 true
     0 | D:1      | 0 ||| qw: Do second Lair branch before Depths: true
     0 | D:1      | 0 ||| qw: Lair rune preference: random
     0 | D:1      | 0 ||| qw: Plans: Normal, Zot:1-4, Slime:5, God:TSO, Crypt,
                  | Tomb, Abyss, Pan, Hells, Win
     0 | D:1      | 0 ||| PLANNING D:1-11
    93 | D:1      | Reached XP level 2. HP: 17/17 MP: 2/2
   426 | D:1      | Reached XP level 3. HP: 21/21 MP: 3/3
   472 | D:1      | Reached skill level 5 in Ranged Weapons
   622 | D:1      | 622 ||| FLEEEEING.
   623 | D:1      | 623 ||| FLEEEEING.
   659 | D:1      | 659 ||| UPGRADING to +0 pair of gloves.
   664 | D:1      | 664 ||| DROPPING +6 ring of intelligence.
   665 | D:1      | 665 ||| READING 3 scrolls labelled VUR PUUHAILL.
   666 | D:1      | 666 ||| READING scroll labelled EDADES ZEHYESHEINN.
   667 | D:1      | 667 ||| READING 2 scrolls of identify.
   667 | D:1      | 667 ||| IDENTIFYING viscous puce potion
   668 | D:1      | 668 ||| DROPPING scroll of butterflies.
   686 | D:2      | Found a sacrificial altar of Ru.
   910 | D:2      | Reached skill level 3 in Fighting
   936 | D:2      | Identified the ring "Regick" {rPois Will+}
  1154 | D:2      | Reached XP level 4. HP: 28/28 MP: 4/4
  1458 | D:2      | 1458 ||| UPGRADING to ring "Regick" {rPois Will+}.
  1459 | D:2      | 1459 ||| DROPPING ring of flight.
  1460 | D:2      | 1460 ||| READING scroll labelled WICHOU XAIGUXY.
  1461 | D:2      | 1461 ||| READING 2 scrolls labelled FEMAELL ZOHUGG.
  1464 | D:2      | 1464 ||| READING scroll labelled UHUJAN UGOI.
  1465 | D:2      | 1465 ||| DRINKING 2 lumpy grey potions.
  1750 | D:3      | Reached XP level 5. HP: 28/32 MP: 5/5
  1823 | D:3      | Found Sipnaiso's Magic Scroll Boutique.
  1827 | D:3      | 1827 ||| SHOPLISTING 3 scrolls of acquirement (1716 gold,
                  | have 175).
  1827 | D:3      | 1827 ||| BUYING scroll of enchant armour (82 gold).
  1827 | D:3      | Bought a scroll of enchant armour for 82 gold pieces
  1827 | D:3      | 1827 ||| BUYING scroll of identify (22 gold).
  1827 | D:3      | Bought a scroll of identify for 22 gold pieces
  1827 | D:3      | 1827 ||| BUYING scroll of teleportation (33 gold).
  1827 | D:3      | Bought a scroll of teleportation for 33 gold pieces
  1827 | D:3      | 1827 ||| BUYING scroll of teleportation (33 gold).
  1827 | D:3      | Bought a scroll of teleportation for 33 gold pieces
  1827 | D:3      | 1827 ||| READING scroll of enchant armour.
  1827 | D:3      | 1827 ||| ENCHANTING +0 pair of gloves.
  1857 | D:3      | Reached skill level 6 in Ranged Weapons
  1857 | D:3      | HP: 6/32 [orc wizard/+0 dagger (3)]
  1858 | D:3      | 1858 ||| READING 3 scrolls of teleportation.
  1859 | D:3      | 1859 ||| DRINKING potion of heal wounds.
  1927 | D:3      | 1927 ||| FLEEEEING.
  1931 | D:3      | 1931 ||| FLEEEEING.
  1932 | D:3      | 1932 ||| FLEEEEING.
  1933 | D:3      | 1933 ||| FLEEEEING.
  1934 | D:3      | 1934 ||| FLEEEEING.
  1945 | D:3      | Reached skill level 1 in Armour
  2039 | D:3      | 2039 ||| UPGRADING to +0 ring mail.
  2049 | D:3      | 2049 ||| DROPPING +0 leather armour.
  2050 | D:3      | 2050 ||| READING scroll labelled RIG JO LUNKIO.
  2051 | D:3      | 2051 ||| DRINKING 2 bubbling inky potions.
  2094 | D:3      | 2094 ||| READING 2 scrolls of identify.
  2094 | D:3      | 2094 ||| IDENTIFYING fizzy grey potion
  2095 | D:3      | 2095 ||| DROPPING potion of degeneration.
  2149 | D:4      | Noticed an ogre
  2155 | D:4      | Killed an ogre
  2156 | D:4      | Reached XP level 6. HP: 39/39 MP: 6/6
  2248 | D:4      | Noticed a black bear
  2256 | D:4      | Killed a black bear
  2561 | D:4      | Reached skill level 7 in Ranged Weapons
  2635 | D:4      | Reached XP level 7. HP: 44/44 MP: 7/7
  2765 | D:4      | Found a staircase to the Ecumenical Temple.
  2766 | D:4      | 2766 ||| PLANNING TEMPLE
  2766 | D:4      | 2766 ||| READING 2 scrolls of identify.
  2766 | D:4      | 2766 ||| IDENTIFYING glowing grey potion
  2767 | D:4      | 2767 ||| DROPPING potion of ambrosia.
  2774 | Temple   | Entered the Ecumenical Temple
  2820 | Temple   | 2820 ||| PLANNING OKAWARU WORSHIP
  3005 | Temple   | Became a worshipper of Warmaster Okawaru
  3006 | Temple   | 3006 ||| PLANNING D:1-11
  3071 | D:5      | Entered Level 5 of the Dungeon
  3084 | D:5      | 3084 ||| STAIRDANCE
  3277 | D:5      | Identified the +1 plate armour of Rawkipn {rPois rF+ Int-3}
  3309 | D:5      | Reached skill level 8 in Ranged Weapons
  3338 | D:5      | 3338 ||| UPGRADING to +0 orcbow.
  3339 | D:5      | 3339 ||| DROPPING +0 shortbow of freezing.
  3357 | D:5      | Noticed a +0 short sword
  3357 | D:5      | Noticed a +0 dagger
  3358 | D:5      | Noticed a +0 falchion
  3359 | D:5      | Noticed a +0 dagger
  3360 | D:5      | Noticed a +0 short sword
  3360 | D:5      | Noticed a +0 spear
  3360 | D:5      | Noticed a +0 falchion
  3361 | D:5      | Noticed a +0 spear
  3362 | D:5      | 3362 ||| UPGRADING to +0 cloak.
  3370 | D:5      | Found a hide-covered altar of Uskayaw.
  3557 | D:5      | Found a stormy altar of Qazlal.
  3677 | D:5      | Found a blossoming altar of Fedhas.
  3689 | D:5      | Found an ancient bone altar of Kikubaaqudgha.
  3692 | D:5      | Reached * piety under Okawaru
  3693 | D:5      | Reached XP level 8. HP: 38/50 MP: 8/8
  3913 | D:5      | 3913 ||| READING 2 scrolls labelled YLAFYS BOILUO.
  3914 | D:5      | 3914 ||| DROPPING scroll of poison.
  3962 | D:6      | 3962 ||| STAIRDANCE
  3968 | D:5      | 3968 ||| INVOKING Heroism.
  4141 | D:6      | Found a burning altar of Makhleb.
  4142 | D:6      | 4142 ||| INVOKING Heroism.
  4206 | D:6      | Noticed a hornet
  4220 | D:6      | HP: 11/50 [hornet (5)]
  4221 | D:6      | 4221 ||| READING 5 scrolls of teleportation.
  4222 | D:6      | 4222 ||| DRINKING potion of heal wounds.
  4304 | D:6      | Found a radiant altar of Vehumet.
  4335 | D:6      | 4335 ||| INVOKING Heroism.
  4341 | D:6      | Reached skill level 1 in Invocations
  4351 | D:6      | 4351 ||| INVOKING Heroism.
  4352 | D:6      | Killed a hornet
  4353 | D:6      | Reached skill level 9 in Ranged Weapons
  4493 | D:6      | 4493 ||| INVOKING Heroism.
  4597 | D:6      | 4597 ||| INVOKING Heroism.
  4602 | D:6      | Reached skill level 6 in Fighting
  4602 | D:6      | Reached skill level 3 in Invocations
  4602 | D:6      | Reached XP level 9. HP: 55/55 MP: 7/11
  4657 | D:6      | Found a shadowy altar of Dithmenos.
  4900 | D:6      | Identified the +4 dagger of Golden Absolution {venom, rElec
                  | Str+4 Dex+3 Stlth+}
  4940 | D:6      | 4940 ||| UPGRADING to ring of see invisible.
  4941 | D:6      | 4941 ||| DRINKING 2 murky clear potions.
  4942 | D:6      | 4942 ||| READING 2 scrolls of identify.
  4942 | D:6      | 4942 ||| IDENTIFYING murky cyan potion
  4973 | D:7      | Found a sparkling altar of Nemelex Xobeh.
  4976 | D:7      | 4976 ||| INVOKING Heroism.
  5000 | D:7      | 5000 ||| INVOKING Heroism.
  5017 | D:7      | Reached skill level 10 in Ranged Weapons
  5147 | D:7      | Found an ornate altar of the Wu Jian Council.
  5182 | D:7      | Reached skill level 3 in Armour
  5352 | D:7      | HP: 11/56 [orc warrior/+0 scimitar (11)]
  5353 | D:7      | 5353 ||| READING 4 scrolls of teleportation.
  5353 | D:7      | HP: 4/56 [orc warrior/+0 scimitar (7)]
  5354 | D:7      | 5354 ||| DRINKING 4 potions of heal wounds.
  5764 | D:7      | Found a runed translucent door.
  5765 | D:7      | Noticed Crazy Yiuf
  6211 | D:7      | 6211 ||| UPGRADING to +0 pair of boots.
  6216 | D:7      | 6216 ||| READING scroll labelled FIOD KEEDOL.
  6216 | D:7      | Identified a scroll of acquirement
  6216 | D:7      | 6216 ||| ACQUIRING 722 gold pieces
  6216 | D:7      | Acquired 722 gold pieces
  6218 | D:7      | 6218 ||| READING 2 scrolls of identify.
  6218 | D:7      | 6218 ||| IDENTIFYING bubbling emerald potion
  6244 | D:8      | Found a staircase to the Lair.
  6274 | D:8      | 6274 ||| Stepping ~*~*~tactically~*~*~ (outnumbered).
  6276 | D:8      | 6276 ||| Stepping ~*~*~tactically~*~*~ (outnumbered).
  6303 | D:8      | 6303 ||| INVOKING Heroism.
  6341 | D:8      | 6341 ||| FLEEEEING.
  6342 | D:8      | 6342 ||| FLEEEEING.
  6343 | D:8      | 6343 ||| FLEEEEING.
  6344 | D:8      | 6344 ||| FLEEEEING.
  6345 | D:8      | 6345 ||| FLEEEEING.
  6348 | D:8      | 6348 ||| STAIRDANCE
  6561 | D:8      | Noticed a troll
  6563 | D:8      | Noticed a hornet
  6574 | D:8      | HP: 2/57 [steam dragon] (14)]
  6574 | D:8      | Mangled by a hornet

Levels and vault maps discovered:
D:1:      ncdulo_lavacross, layout_basic
D:2:      layout_basic, basic_altar, minmay_misc_feat_cross
D:3:      layout_rooms, serial_shops, nicolae_shop_back_alley_shop, st_stairs_5,
          minmay_crystal_room
D:4:      layout_gridville, minmay_temple_entry_nine_rooms
D:5:      layout_rooms, grunt_temple_overflow_growth_and_decay,
          nicolae_uskayaw_en_pointe, nicolae_qazlal_general_emergency
D:6:      layout_rooms, mainiacjoe_overflow_catwalk_spiral,
          mainiacjoe_overflow_catwalk, corner_web_ring
D:7:      layout_cave_pods, overflow_temple_1_default,
          nemelex_xobeh_ov_fountains_minmay, nicolae_nh_ransacked_shop,
          uniq_crazy_yiuf_cottage
D:8:      layout_rooms, grunt_gozag_statues, lair_entry_dummy, serial_shops,
          nicolae_shop_statue_plus
Temple:   jpeg_temple_alley_garden

Skill      XL: |  1  2  3  4  5  6  7  8  9 |
---------------+----------------------------+-----
Ranged Weapons | 5 6 7 8 9 10 | 10.4
Fighting       | 3 4 5 6 7 |  7.2
Armour         | 1 2 3 |  3.3
Dodging        | 2 |  2.6
Invocations    | 3 |  3.3
Stealth        | |  1.1

Action                     |  1- 3 |  4- 6 |  7- 9 || total
---------------------------+-------+-------+-------++-------
   Fire: Shortbow          |   107 |   136 |    55 ||   298
         Orcbow            |       |       |   422 ||   422
 Invoke: Heroism           |       |       |     9 ||     9
    Use: Scroll            |     3 |     7 |     7 ||    17
         Potion            |       |     3 |     3 ||     6
 Armour: Leather armour    |    13 |     6 |       ||    19
         Ring mail         |       |    12 |   228 ||   240
  Dodge: Dodged            |    21 |    42 |   222 ||   285

Table legend:
 A = Non-vault XP
 B = Vault XP
 C = Vault XP percentage of total XP
 D = Non-vault monster count
 E = Vault monster count
 F = Vault count percentage of total count
                 A         B        C        D         E       F
            +---------+---------+-------+---------+---------+-------
      Total |    3525 |     147 |   4.0 |     153 |       8 |   5.0
            +---------+---------+-------+---------+---------+-------
        D:1 |      51 |       0 |   0.0 |      28 |       0 |   0.0
        D:2 |      36 |       0 |   0.0 |      15 |       0 |   0.0
        D:3 |     175 |       5 |   2.8 |      21 |       3 |  12.5
        D:4 |     468 |       0 |   0.0 |      19 |       0 |   0.0
        D:5 |     533 |       0 |   0.0 |      18 |       0 |   0.0
        D:6 |    1169 |       0 |   0.0 |      19 |       0 |   0.0
        D:7 |     622 |     142 |  18.6 |      18 |       5 |  21.7
        D:8 |     471 |       0 |   0.0 |      15 |       0 |   0.0
            +---------+---------+-------+---------+---------+-------
